[Event "Gibraltar Junior Intl U16 2019"]
[Site "Caleta"]
[Date "2019.08.19"]
[Round "6.5"]
[White "Tadevosyan, Aspet"]
[Black "Tombolis, Christopher"]
[Result "1/2-1/2"]
[ECO "E05"]
[WhiteElo "2038"]
[BlackElo "1874"]
[Annotator "NA"]
[PlyCount "147"]
[EventDate "2019.08.16"]
[EventType "swiss"]
[EventCountry "GGB"]
[SourceTitle "playchess.com"]
[Source "ChessBase"]
[SourceQuality "1"]
[TimeControl "6600+10"]

1. d4 Nf6 2. c4 e6 3. Nf3 d5 4. g3 Be7 5. Bg2 O-O 6. O-O dxc4 7. Qc2 a6 8. a4 Bd7 9. Rd1 Bc6 10. Nc3 Bxf3 11. Bxf3 Nc6 12. Bxc6 bxc6 13. Bg5 {[%emt 0:01:07] E05: Open Catalan: 5 Nf3 Be7} Rb8 14. Bxf6 Bxf6 15. Ne4 {[%emt 0:05:31] [#]} Be7 $146 ({Predecessor:} 15... Rb4 16. e3 Qd5 17. Rac1 Rfb8 18. Nc5 a5 19. Qe2 Be7 20. e4 Qd8 {½-½ (41) Illescas Cordoba,M (2600)-Beliavsky,A (2690) Madrid 1998}) 16. Qxc4 Qd5 17. Qc2 Rb4 18. Nc5 Rc4 19. Qd3 Bxc5 20. dxc5 Qxd3 21. Rxd3 Rxc5 22. Rb3 Rc2 23. Rd1 Rxe2 24. Rd7 Re4 25. a5 Ra4 26. Rxc7 Rxa5 27. Rxc6 Ra8 28. Rb7 g6 29. Rcc7 Rf5 30. b4 h5 31. Ra7 Rxa7 32. Rxa7 Rb5 33. Rxa6 Rxb4 34. h4 Kg7 35. Ra7 Kf6 36. Kg2 Rb6 37. Ra5 Rb7 38. Ra6 $1 $11 {[%emt 0:00:05] keeps the balance.} Kf5 39. Ra5+ Kf6 (39... e5 $17) 40. Kf3 Rb3+ 41. Kg2 Rd3 42. Ra6 Rd7 43. Kf3 Kf5 44. Ra5+ e5 45. Rb5 Rc7 46. Ra5 Rb7 47. Kg2 Rd7 48. Kf3 Ke6 49. Rb5 Rd6 50. Ke4 f5+ 51. Kf3 Kf6 52. Rb8 Rd3+ 53. Kg2 e4 54. Rb6+ Kf7 55. Rb7+ Ke6 56. Rg7 Kf6 57. Ra7 Rd6 58. Ra8 Ke5 59. Ra5+ Kd4 60. Ra4+ Kd3 61. Ra1 Ke2 62. Ra2+ Kd3 63. Ra1 Kd4 64. Ra5 Rc6 65. Ra3 Ke5 66. Ra5+ Kf6 67. Ra8 Kg7 68. Ra7+ Kf6 69. Ra8 Re6 70. Ra3 g5 71. hxg5+ Kxg5 72. Ra8 Rg6 73. Kh3 Rg7 $11 74. Rb8 1/2-1/2

[Event "Gibraltar Junior Intl U16 2019"]
[Site "Caleta"]
[Date "2019.08.19"]
[Round "6.6"]
[White "Serrano Almendros, Alejandro"]
[Black "Gutierrez Lupion, Daniel"]
[Result "1-0"]
[ECO "E39"]
[WhiteElo "1922"]
[BlackElo "1811"]
[Annotator "NA"]
[PlyCount "51"]
[EventDate "2019.08.16"]
[EventType "swiss"]
[EventCountry "GGB"]
[SourceTitle "playchess.com"]
[Source "ChessBase"]
[SourceQuality "1"]
[TimeControl "6600+10"]

1. d4 Nf6 2. c4 e6 3. Nc3 Bb4 4. Qc2 O-O 5. Bg5 c5 6. dxc5 Bxc5 7. Nf3 d6 {[%emt 0:17:08] E39: Nimzo-Indian: Classical: 4...c5 5 dxc5 0-0} (7... b6 8. e3 Bb7 9. Bd3 h6 10. Bh4 Nc6 11. a3 Be7 12. O-O-O Rc8 13. Kb1 Na5 14. Qe2 d5 15. Ne5 {1-0 (42) Mamedyarov,S (2791)-Moskalenko,A (2522) Sochi 2017}) 8. a3 h6 9. Bh4 Nbd7 $146 ({Predecessor:} 9... a5 10. e3 Bd7 11. Ne4 Bc6 12. Nxf6+ gxf6 13. Be2 a4 14. O-O {0-1 (43) Pennanen,E (2363)-Hoffmann,G (2335) ICCF email 2005}) 10. Rd1 a5 11. e3 Qb6 12. Be2 Qc6 13. O-O b6 14. Nd4 Bxd4 15. Bf3 ({Much less strong is} 15. exd4 Ba6 $14) 15... d5 16. cxd5 Nxd5 17. Rxd4 Bb7 18. Qd2 Ne5 19. Bxd5 exd5 20. Nxd5 Kh8 21. Rc1 Qg6 22. Bg3 Nc6 23. Nf4 Qf5 24. Rd5 Qe4 25. f3 Qa4 26. e4 $18 1-0

[Event "Gibraltar Junior Intl U16 2019"]
[Site "Caleta"]
[Date "2019.08.19"]
[Round "6.7"]
[White "Martinez Soriano, Javier"]
[Black "Greco, Joseph"]
[Result "1-0"]
[ECO "C00"]
[WhiteElo "1992"]
[BlackElo "1690"]
[Annotator "NA RC"]
[PlyCount "73"]
[EventDate "2019.08.16"]
[EventType "swiss"]
[EventCountry "GGB"]
[SourceTitle "playchess.com"]
[Source "ChessBase"]
[SourceQuality "1"]
[TimeControl "6600+10"]

1. e4 e6 2. d3 d5 3. Qe2 Nf6 4. e5 Nfd7 5. Nf3 c5 6. g3 {[%emt 0:00:45] C00: French: Unusual White 2nd moves} b5 7. Bg2 Nc6 8. c4 $146 ({Predecessor:} 8. O-O Be7 9. h4 a5 10. c3 a4 11. Bf4 c4 12. Nd4 cxd3 13. Qe3 Nxd4 14. cxd4 Nb6 15. Nd2 {0-1 (43) Neuman,P (2499)-Almasi,Z (2707) Germany 2013}) 8... bxc4 9. dxc4 Ba6 10. b3 Be7 11. O-O O-O 12. Bb2 Rb8 13. Nbd2 (13. Rd1 $15) 13... Nb6 14. Ba3 Qc7 15. Rfc1 Rfd8 16. Qe3 d4 17. Qf4 Bb7 18. Ne4 {[%emt 0:02:40] [#]} Nd7 $1 19. Nd6 Ndxe5 (19... Bxd6 $17 20. exd6 Qa5) 20. Nxb7 Nxf3+ 21. Qxf3 Ne5 {[%emt 0:00:25] [#]} (21... Rdc8 $1 $14) 22. Qe4 (22. Qf4 $1 $18 Rd7 23. Re1) 22... f5 $2 (22... Rd7 $16 {is a better defense.}) 23. Qe2 d3 24. Qe3 d2 25. Rd1 Rd3 26. Qe2 Rxb7 (26... Rd7 $142 27. Bb2 (27. Rxd2 Rxd2 28. Qxd2 Rxb7 $18) 27... Bf6 28. Rxd2 Rxd2 29. Qxd2 Rxb7 30. Bxb7 Qxb7 31. Bxe5 Bxe5) 27. Bxb7 Qd6 28. Bb2 Bf6 29. Rab1 Nd7 30. Bxf6 Nxf6 31. Bd5 Rd4 32. Qxe6+ Qxe6 33. Bxe6+ Kf8 34. Bxf5 g6 35. Bh3 Ne4 36. Rb2 Rd3 $18 37. Bg2 1-0

[Event "Gibraltar Junior Intl U16 2019"]
[Site "Caleta"]
[Date "2019.08.19"]
[Round "6.8"]
[White "Volovich, Julia"]
[Black "Howell, Oliver W"]
[Result "1-0"]
[ECO "A65"]
[WhiteElo "1726"]
[BlackElo "1847"]
[Annotator "NA"]
[PlyCount "47"]
[EventDate "2019.08.16"]
[EventType "swiss"]
[EventCountry "GGB"]
[SourceTitle "playchess.com"]
[Source "ChessBase"]
[SourceQuality "1"]
[TimeControl "6600+10"]

1. d4 Nf6 2. c4 g6 3. Nc3 Bg7 4. e4 d6 5. Nge2 O-O 6. Ng3 c5 7. d5 e6 8. Be2 exd5 9. cxd5 a6 10. a4 Re8 {[%emt 0:00:54] A65: Modern Benoni: 6 e4} 11. O-O Nbd7 12. f3 h5 (12... Rb8 13. Bg5 Qc7 14. Qd2 c4 15. Bh6 Bh8 16. Kh1 b5 17. axb5 axb5 {1-0 (60) Gupta,A (2581)-Martirosyan,H (2607) chess.com INT 2019}) 13. Bg5 Qb6 14. Qd2 Nh7 15. Be3 f5 16. Rfe1 $146 ({Predecessor:} 16. Rfb1) 16... h4 17. Nh1 fxe4 18. fxe4 Bd4 19. Nf2 Nhf6 (19... Ne5 $14) 20. a5 Qb4 21. Qc2 b5 22. Bxd4 Qxd4 23. Rad1 $11 Qe5 24. Qd2 1-0

[Event "Gibraltar Junior Intl U16 2019"]
[Site "Caleta"]
[Date "2019.08.19"]
[Round "6.9"]
[White "Lorente Serrano, Rosa Adela"]
[Black "Usharovsky, Ron"]
[Result "1-0"]
[ECO "C00"]
[WhiteElo "1810"]
[BlackElo "1670"]
[Annotator "NA RC"]
[PlyCount "73"]
[EventDate "2019.08.16"]
[EventType "swiss"]
[EventCountry "GGB"]
[SourceTitle "playchess.com"]
[Source "ChessBase"]
[SourceQuality "1"]
[TimeControl "6600+10"]

1. Nf3 Nf6 2. g3 d5 3. Bg2 c5 4. O-O Nc6 5. d3 e6 6. Nbd2 Be7 7. e4 O-O 8. Re1 d4 9. a4 (9. e5 $5 Nd5 10. a4 $11) 9... e5 10. Nc4 Qc7 11. Rf1 {[%emt 0:05:08] C00: French: Unusual White 2nd moves} Be6 $146 ({Predecessor:} 11... h6 12. Nh4 {1-0 (56) Roberts,L (1914)-Farha,D Istanbul 2012}) 12. b3 a6 13. Ng5 Bg4 14. f3 Bd7 15. a5 h6 16. Nh3 Be6 17. Bd2 b5 18. axb6 Qd7 19. Nf2 Rfb8 20. Na3 Rxb6 21. f4 Qc8 22. f5 Bd7 23. Nc4 Rbb8 24. Ng4 Nxg4 25. Qxg4 Kh7 26. Qh5 f6 27. Qg6+ Kh8 {[%emt 0:00:16] [#]} 28. Bxh6 $1 gxh6 $2 (28... Qf8) 29. Nd6 Bxd6 $2 (29... Qf8 30. Nf7+ Qxf7 31. Qxf7 Be8) 30. Qxf6+ Kg8 {[%emt 0:03:36] [#]} 31. Qg6+ $1 ({Less strong is} 31. Qxd6 Be8 $16) 31... Kf8 32. Qxd6+ {[%emt 0:00:05] Double Attack} Kg8 33. Qg6+ Kf8 34. f6 Be6 35. Qg7+ Ke8 36. f7+ Bxf7 37. Rxf7 1-0

[Event "Gibraltar Junior Intl U16 2019"]
[Site "Caleta"]
[Date "2019.08.19"]
[Round "6.10"]
[White "Aubury, Benjamin"]
[Black "Gogia, Armaan"]
[Result "1/2-1/2"]
[ECO "E62"]
[WhiteElo "1686"]
[BlackElo "1754"]
[Annotator "NA RC"]
[PlyCount "56"]
[EventDate "2019.08.16"]
[EventType "swiss"]
[EventCountry "GGB"]
[SourceTitle "playchess.com"]
[Source "ChessBase"]
[SourceQuality "1"]
[TimeControl "6600+10"]

1. d4 Nf6 2. c4 g6 3. g3 Bg7 4. Bg2 O-O 5. Nc3 d6 6. Nf3 Nc6 7. O-O e5 8. dxe5 Nxe5 9. b3 c6 10. Nxe5 dxe5 11. Qxd8 Rxd8 12. Bg5 h6 13. Be3 Ng4 14. Rad1 Bf5 15. Bc5 Bf8 16. Bxf8 Kxf8 17. Be4 Ke7 18. Bxf5 gxf5 19. Na4 b6 20. Nb2 e4 21. h3 Ne5 22. Na4 Rg8 23. Kh2 Rad8 24. Nc3 Ke6 25. Rxd8 Rxd8 26. Rd1 Rxd1 27. Nxd1 a5 28. Ne3 Ng6 1/2-1/2

[Event "Gibraltar Junior Intl U16 2019"]
[Site "Caleta"]
[Date "2019.08.19"]
[Round "6.11"]
[White "Onslow, Teddy"]
[Black "Hirst, Joe"]
[Result "1/2-1/2"]
[ECO "E61"]
[WhiteElo "1739"]
[BlackElo "1639"]
[Annotator "NA RC"]
[PlyCount "48"]
[EventDate "2019.08.16"]
[EventType "swiss"]
[EventCountry "GGB"]
[SourceTitle "playchess.com"]
[Source "ChessBase"]
[SourceQuality "1"]
[TimeControl "6600+10"]

1. d4 Nf6 2. Nf3 g6 3. Bf4 Bg7 4. e3 O-O 5. h3 c5 6. c4 d6 7. Be2 b6 8. Nc3 Bb7 9. O-O Nbd7 10. a3 a6 11. Qd2 Ne4 12. Nxe4 Bxe4 13. Rfd1 Qc7 14. Rac1 Rfd8 15. b4 Qa7 16. a4 a5 17. b5 Rac8 18. Ng5 Ba8 19. d5 Nf6 20. Bd3 h6 21. Ne4 Nxe4 22. Bxe4 e5 23. Bg3 f5 24. Bc2 Qf7 1/2-1/2

[Event "Gibraltar Junior Intl U16 2019"]
[Site "Caleta"]
[Date "2019.08.19"]
[Round "6.12"]
[White "Patel, Devan"]
[Black "Akeya-Price, Robert"]
[Result "1-0"]
[ECO "D38"]
[WhiteElo "1659"]
[BlackElo "1988"]
[Annotator "NA"]
[PlyCount "97"]
[EventDate "2019.08.16"]
[EventType "swiss"]
[EventCountry "GGB"]
[SourceTitle "playchess.com"]
[Source "ChessBase"]
[SourceQuality "1"]
[TimeControl "6600+10"]

1. d4 Nf6 2. Nf3 d5 3. c4 e6 4. Nc3 Bb4 5. Bg5 c6 6. Rc1 Nbd7 7. cxd5 exd5 8. e3 O-O {[%emt 0:02:50] D38: Queen's Gambit Declined: Ragozin Defence (4 Nf3 Bb4)} (8... Qa5 9. Bd3 Ne4 10. O-O Nxg5 11. Nxg5 Nf6 12. Qc2 h6 13. Nf3 Bd6 14. Ne5 Ng4 15. Nf3 Nf6 16. h3 {0-1 (43) Vachier Lagrave,M (2754)-Caruana,F (2803) Khanty-Mansiysk 2015}) 9. Bd3 a5 10. O-O Re8 11. a3 $146 ({Predecessor:} 11. h3 h6 12. Bh4 Qb6 13. Bb1 Ne4 14. Nxe4 dxe4 15. Nd2 Be7 16. Bxe7 Rxe7 17. Nxe4 Qxb2 {½-½ (52) Kuseyri,M (2046)-Elmas,O (1819) Istanbul 2013}) 11... Be7 12. Qc2 h6 13. Bf4 Nh5 ({Black should play} 13... Bf8 $14) 14. Be5 (14. Nxd5 $16 Nxf4 15. Nxe7+ (15. Nxf4 Bd6 $16) 15... Rxe7 16. exf4) 14... Nxe5 15. Bh7+ Kf8 16. Nxe5 ({Only move:} 16. dxe5 $16 g6 17. Bxg6 fxg6 18. Qxg6 {[%mdl 64] Double Attack}) 16... Nf6 17. Na4 Bd6 18. f4 Nxh7 19. Qxh7 Qf6 20. Nb6 Ke7 $2 (20... Bf5 $16 {is tougher.} 21. Ned7+ {[%mdl 64] Double Attack} (21. Nxa8 $2 Ke7 $19) 21... Ke7 22. Nxf6 Bxh7) 21. Rxc6 (21. Nxa8 $2 {loses.}) 21... Bf5 22. Nxd5+ {[%emt 0:00:32] Double Attack} Ke6 23. Nxf6 Bxh7 24. Nxe8 bxc6 25. Nxd6 Kxd6 26. Nxf7+ Ke6 27. Ne5 Be4 28. Rf2 Rb8 29. Rd2 Rb3 30. Kf2 g6 31. g4 a4 32. Re2 Ke7 33. Nf3 Bd3 34. Rd2 Be4 35. Nh4 Kf6 36. Nf3 $2 (36. h3 $18) 36... Ke7 $1 37. Ng1 Bd5 38. Ne2 Rb8 39. Nc3 Bb3 40. Ne4 Bc4 41. Nc5 Bb5 42. e4 Rf8 $18 43. Ke3 Kd6 44. Rg2 g5 45. f5 Rf7 46. Rf2 Rf8 47. e5+ Kd5 48. Nd7 Rf7 49. Nb6# 1-0

[Event "Gibraltar Junior Intl U16 2019"]
[Site "Caleta"]
[Date "2019.08.19"]
[Round "6.13"]
[White "Hussain, Adam"]
[Black "Krivenko, Dion"]
[Result "0-1"]
[ECO "D02"]
[WhiteElo "1515"]
[BlackElo "1810"]
[Annotator "NA RC"]
[PlyCount "52"]
[EventDate "2019.08.16"]
[EventType "swiss"]
[EventCountry "GGB"]
[SourceTitle "playchess.com"]
[Source "ChessBase"]
[SourceQuality "1"]
[TimeControl "6600+10"]

1. d4 d5 2. Nc3 c5 3. Bf4 Nf6 4. Nf3 Nc6 5. e3 a6 6. Ne5 {[%emt 0:02:18] D02: 1 d4 d5 2 Nf3 sidelines, including 2...Nf6 3 g3 and 2...Nf6 3 Bf4} (6. dxc5 e6 7. Na4 Bxc5 8. Nxc5 Qa5+ 9. c3 Qxc5 10. Bd3 Qe7 11. Ne5 Nd7 12. Nxc6 bxc6 13. e4 {1-0 (73) Vachier Lagrave,M (2779)-Nakamura,H (2777) chess.com INT 2018}) 6... e6 7. g4 $146 ({Predecessor:} 7. Be2 Be7 8. O-O O-O 9. Nxc6 bxc6 10. Na4 cxd4 11. exd4 a5 12. Re1 Nd7 13. Bd3 {½-½ (63) Predke,A (2543)-Sjugirov,S (2662) Kaliningrad 2015}) 7... cxd4 8. exd4 Bb4 9. Bg2 Qb6 10. Nxc6 Qxc6 11. g5 Ne4 12. Bxe4 dxe4 13. O-O Bxc3 14. bxc3 O-O 15. Re1 Bd7 16. Re3 Qd5 {[%emt 0:03:04] [#]} 17. h4 $2 (17. Be5 $1 $16) 17... Qf5 18. Bg3 Bc6 19. c4 Rad8 20. c3 Rd7 21. Qe2 f6 22. gxf6 gxf6 23. Kh2 Rg7 24. Rg1 Qg6 25. Qd1 Qf5 $11 26. Bd6 Qxf2+ {[%emt 0:00:47] Bg3 Qf5} 0-1

[Event "Gibraltar Junior Intl U16 2019"]
[Site "Caleta"]
[Date "2019.08.19"]
[Round "6.14"]
[White "Gutierrez Lupion, Nuria"]
[Black "Shepherd, Tom"]
[Result "1-0"]
[ECO "B90"]
[WhiteElo "1712"]
[BlackElo "1659"]
[Annotator "NA RC"]
[PlyCount "47"]
[EventDate "2019.08.16"]
[EventType "swiss"]
[EventCountry "GGB"]
[SourceTitle "playchess.com"]
[Source "ChessBase"]
[SourceQuality "1"]
[TimeControl "6600+10"]

1. e4 c5 2. Nf3 d6 3. d4 cxd4 4. Nxd4 Nf6 5. Nc3 a6 6. h3 e5 7. Nde2 b5 8. a3 Bb7 9. Ng3 Nbd7 10. Bg5 h6 11. Be3 g6 12. Qd2 h5 13. Bd3 Qc7 14. O-O-O Be7 15. Kb1 O-O 16. Bh6 Rfc8 17. Nf5 Nf8 18. Ne3 Ne6 19. Ned5 Nxd5 20. exd5 Nc5 21. Qe3 Nxd3 22. Rxd3 Qc4 23. f4 exf4 24. Qxe7 1-0

[Event "Gibraltar Junior Intl U16 2019"]
[Site "Caleta"]
[Date "2019.08.19"]
[Round "6.15"]
[White "Hernandez Tellez, Claudia"]
[Black "Kuzhelev, Timur"]
[Result "0-1"]
[ECO "C40"]
[WhiteElo "1711"]
[BlackElo "1597"]
[Annotator "NA"]
[PlyCount "85"]
[EventDate "2019.08.16"]
[EventType "swiss"]
[EventCountry "GGB"]
[SourceTitle "playchess.com"]
[Source "ChessBase"]
[SourceQuality "1"]
[TimeControl "6600+10"]

1. e4 e5 2. Nf3 d5 3. exd5 e4 4. Qe2 Nf6 5. Nc3 Be7 6. Nxe4 Nxd5 7. Nc3 Nb4 8. Qd1 Bf5 9. Bb5+ c6 10. Ba4 b5 11. Bb3 Nd7 12. a3 Na6 13. Nd4 Bg6 14. Nxc6 Qc8 15. Nxe7 Kxe7 16. O-O Nac5 17. Qe2+ Kf8 18. Re1 Nxb3 19. cxb3 Nc5 20. Qe7+ Kg8 21. Nd5 Nd3 22. Qd6 Qd8 23. Ne7+ Kf8 24. Nxg6+ Kg8 25. Qxd8+ Rxd8 26. Nxh8 Nxe1 27. Nxf7 Re8 28. f4 Kxf7 29. d4 Nc2 30. Rb1 Re1+ 31. Kf2 Rh1 32. Ke2 Nxd4+ 33. Kd3 Nxb3 34. Kc2 Nd4+ 35. Kd3 Ne6 36. g3 Nc5+ 37. Kc3 Ke6 38. b4 Ne4+ 39. Kd3 Kd5 40. Ke3 Re1+ 41. Kd3 Rd1+ 42. Kc2 Rh1 43. Kd3 0-1

[Event "Gibraltar Junior Intl U16 2019"]
[Site "Caleta"]
[Date "2019.08.19"]
[Round "6.16"]
[White "Bartelt, Max Peter"]
[Black "Nayak, Aurideep"]
[Result "1-0"]
[ECO "E03"]
[WhiteElo "1803"]
[BlackElo "1546"]
[Annotator "NA RC"]
[PlyCount "93"]
[EventDate "2019.08.16"]
[EventType "swiss"]
[EventCountry "GGB"]
[SourceTitle "playchess.com"]
[Source "ChessBase"]
[SourceQuality "1"]
[TimeControl "6600+10"]

1. d4 Nf6 2. Nf3 e6 3. g3 b6 4. Bg2 Bb7 5. O-O d5 6. c4 dxc4 7. Qa4+ Nbd7 8. Nc3 a6 9. Qxc4 c5 (9... b5 $5 10. Qd3 c5 $11) 10. Bf4 {[%emt 0:06:14] E03: Open Catalan: 5 Qa4+ Nbd7 6 Qxc4} (10. dxc5 Bxc5 11. Bg5 O-O 12. Rad1 Qc8 13. Qf4 h6 14. Bxf6 Nxf6 15. Rc1 Qb8 16. Qxb8 Raxb8 17. Na4 Bd6 18. Nd4 b5 {½-½ (56) Harikrishna,P (2612)-Eljanov,P (2629) Mallorca 2004}) 10... cxd4 $146 ({Predecessor:} 10... Rc8 11. a3 cxd4 12. Qxd4 Bc5 13. Qd2 O-O {1-0 (42) Wang,K (1983)-Brockman,R (1496) Auckland 2019}) 11. Qxd4 Bc5 12. Qd2 O-O 13. Bd6 Bxd6 14. Qxd6 Nd5 15. Ne5 Nxe5 16. Qxe5 Re8 17. Rfd1 f6 18. Qh5 g6 19. Qg4 Qe7 20. Nxd5 Bxd5 21. Rxd5 exd5 22. Bxd5+ {[%emt 0:00:02] Double Attack} Kg7 23. Bxa8 Rxa8 24. Rc1 Rd8 25. Rc6 Rd6 26. Rxd6 Qxd6 27. Qc4 b5 28. Qd3 Qc6 29. b4 Kf7 30. e4 Ke7 31. Kf1 Qc1+ 32. Ke2 Qb2+ 33. Qd2 Qe5 34. Ke3 Qc7 35. h4 f5 36. Qd3 Qc1+ 37. Kf3 Qh1+ 38. Kf4 Qc1+ 39. Qe3 Qc4 40. Qc5+ $18 Kd7 41. Qxc4 bxc4 42. exf5 gxf5 43. Ke3 Kc6 44. Kd4 Kb5 45. Kc3 h6 46. f3 h5 47. f4 1-0

[Event "Gibraltar Junior Intl U16 2019"]
[Site "Caleta"]
[Date "2019.08.19"]
[Round "6.17"]
[White "Walker, Max"]
[Black "Mendis, Vidura"]
[Result "1-0"]
[ECO "C13"]
[WhiteElo "1667"]
[BlackElo "1528"]
[Annotator "NA"]
[PlyCount "80"]
[EventDate "2019.08.16"]
[EventType "swiss"]
[EventCountry "GGB"]
[SourceTitle "playchess.com"]
[Source "ChessBase"]
[SourceQuality "1"]
[TimeControl "6600+10"]

1. e4 e6 2. d4 d5 3. Nd2 dxe4 4. Nxe4 Nf6 5. Bg5 Be7 6. Bxf6 Bxf6 7. Nxf6+ Qxf6 8. Nf3 O-O 9. Bd3 Nc6 10. O-O Ne7 11. Re1 Bd7 12. Ne5 Rad8 13. c3 Bc6 14. Qh5 g6 15. Qh3 Rfe8 16. Ng4 Qg7 17. Qh4 Kh8 18. Ne5 a6 19. a4 Bd5 20. b4 Nf5 21. Qh3 f6 22. Nf3 Bxf3 23. Qxf3 c6 24. b5 cxb5 25. axb5 Qc7 26. bxa6 bxa6 27. Bxa6 Rb8 28. Rab1 Rxb1 29. Rxb1 e5 30. dxe5 fxe5 31. Bb5 e4 32. Qe2 Re5 33. Qb2 Rc5 34. c4+ Qg7 35. Qc2 Qe5 36. h3 Nd4 37. Qa2 e3 38. fxe3 Qxe3+ 39. Kh1 Nxb5 40. cxb5 Qe5 1-0

[Event "Gibraltar Junior Intl U16 2019"]
[Site "Caleta"]
[Date "2019.08.19"]
[Round "6.18"]
[White "Major, Richard"]
[Black "Garcia Calero, Jose Maria"]
[Result "1-0"]
[ECO "B09"]
[WhiteElo "1615"]
[BlackElo "1395"]
[Annotator "NA RC"]
[PlyCount "47"]
[EventDate "2019.08.16"]
[EventType "swiss"]
[EventCountry "GGB"]
[SourceTitle "playchess.com"]
[Source "ChessBase"]
[SourceQuality "1"]
[TimeControl "6600+10"]

1. e4 d6 2. d4 Nf6 3. Nc3 g6 4. f4 Bg7 5. Nf3 O-O 6. Bd3 Nc6 7. Be3 e5 8. fxe5 dxe5 9. d5 Ne7 10. Qd2 Ng4 11. O-O-O Nxe3 12. Qxe3 a6 13. h3 b5 14. g4 Bd7 15. Rdg1 c6 16. h4 cxd5 17. exd5 b4 18. d6 bxc3 19. dxe7 cxb2+ 20. Kb1 Qxe7 21. h5 Qa3 22. hxg6 Be6 23. gxf7+ Rxf7 24. Bxh7+ 1-0

[Event "Gibraltar Junior Intl U16 2019"]
[Site "Caleta"]
[Date "2019.08.19"]
[Round "6.19"]
[White "Seleznev, Egor"]
[Black "Khan, Samir"]
[Result "1-0"]
[ECO "A47"]
[WhiteElo "1590"]
[BlackElo "1282"]
[Annotator "NA"]
[PlyCount "79"]
[EventDate "2019.08.16"]
[EventType "swiss"]
[EventCountry "GGB"]
[SourceTitle "playchess.com"]
[Source "ChessBase"]
[SourceQuality "1"]
[TimeControl "6600+10"]

1. d4 b6 2. Bf4 e6 3. Nf3 Bb7 4. e3 Nf6 5. Nbd2 c5 6. c3 d6 7. h3 Nbd7 8. Bd3 Qc7 9. Qc2 Qc6 10. e4 d5 11. e5 Ne4 12. Be3 Nxd2 13. Qxd2 c4 14. Bc2 a5 15. O-O h6 16. Ne1 f6 17. Bg6+ Kd8 18. f4 f5 19. g4 fxg4 20. hxg4 Be7 21. Nf3 Nf8 22. Bc2 h5 23. Qg2 hxg4 24. Qxg4 g6 25. Kg2 Qb5 26. Rab1 a4 27. Ng5 Kd7 28. Rf2 Qa5 29. Bd2 b5 30. a3 Qb6 31. Re1 b4 32. cxb4 Qxd4 33. Be3 Qxb2 34. Bxa4+ Rxa4 35. Rxb2 Rxa3 36. Bd4 Rd3 37. Nf3 Rg8 38. Ra1 Nh7 39. Ra7 Kc7 40. Qxe6 1-0

[Event "Gibraltar Junior Intl U16 2019"]
[Site "Caleta"]
[Date "2019.08.19"]
[Round "6.20"]
[White "Rayner, Hugo"]
[Black "Dharmasena, Gavith"]
[Result "0-1"]
[ECO "C54"]
[WhiteElo "1448"]
[BlackElo "1585"]
[Annotator "NA RC"]
[PlyCount "38"]
[EventDate "2019.08.16"]
[EventType "swiss"]
[EventCountry "GGB"]
[SourceTitle "playchess.com"]
[Source "ChessBase"]
[SourceQuality "1"]
[TimeControl "6600+10"]

1. e4 e5 2. Nf3 Nc6 3. Bc4 Bc5 4. d3 Nf6 5. O-O O-O 6. c3 d6 7. h3 h6 8. Bb3 Be6 9. Bc2 a6 10. Nbd2 Ba7 11. Re1 Nh5 12. Nf1 Qf6 13. Be3 Nf4 14. Bxf4 Qxf4 15. Qd2 Qf6 16. Rad1 Bxh3 17. gxh3 Qxf3 18. Ng3 Qxg3+ 19. Kh1 Bxf2 {[%emt 0:01:14] Kg1} 0-1

[Event "Gibraltar Junior Intl U16 2019"]
[Site "Caleta"]
[Date "2019.08.19"]
[Round "6.21"]
[White "Miller, Max C"]
[Black "Dhanwani, Aryan"]
[Result "1-0"]
[ECO "D04"]
[WhiteElo "1563"]
[BlackElo "1319"]
[Annotator "NA RC"]
[PlyCount "91"]
[EventDate "2019.08.16"]
[EventType "swiss"]
[EventCountry "GGB"]
[SourceTitle "playchess.com"]
[Source "ChessBase"]
[SourceQuality "1"]
[TimeControl "6600+10"]

1. Nf3 c6 2. d4 d5 3. e3 Nf6 4. Bd3 Bg4 5. Nbd2 Nbd7 6. b3 e6 7. Bb2 Bd6 8. c4 Bb4 9. Be2 Qa5 10. a3 Bxf3 11. axb4 Bxe2 12. bxa5 Bxd1 13. Kxd1 O-O 14. Ke2 b6 15. Rhc1 Rfc8 16. axb6 axb6 17. Ba3 c5 18. dxc5 bxc5 19. cxd5 exd5 20. b4 c4 21. Bb2 Rxa1 22. Bxa1 Rb8 23. Bc3 Ra8 24. Ra1 Rxa1 25. Bxa1 Kf8 26. Bd4 Ke8 27. f3 g6 28. Nb1 Kd8 29. Nc3 Kc7 30. h3 Kd6 31. Nb5+ Kc6 32. Na7+ Kb7 33. b5 Nb8 34. Bxf6 Kxa7 35. Bd4+ Kb7 36. e4 dxe4 37. fxe4 Nd7 38. Kd2 Nf8 39. Kc3 Ne6 40. Kxc4 Nf4 41. g3 Nxh3 42. Be3 h6 43. e5 Ng5 44. Bxg5 hxg5 45. Kc5 f5 46. exf6 1-0

[Event "Gibraltar Junior Intl U16 2019"]
[Site "Caleta"]
[Date "2019.08.19"]
[Round "6.22"]
[White "Lv, Jason"]
[Black "Harbinson, Alec Ryan"]
[Result "1-0"]
[ECO "D02"]
[WhiteElo "1532"]
[BlackElo "1118"]
[Annotator "NA"]
[PlyCount "76"]
[EventDate "2019.08.16"]
[EventType "swiss"]
[EventCountry "GGB"]
[SourceTitle "playchess.com"]
[Source "ChessBase"]
[SourceQuality "1"]
[TimeControl "6600+10"]

1. d4 Nf6 2. Nf3 e6 3. Bf4 d5 4. e3 Nc6 5. c3 Bd6 6. Nbd2 O-O 7. Bd3 h6 8. Ne5 Bxe5 9. dxe5 Nd7 10. Nf3 f6 11. exf6 Nxf6 12. Qc2 Qe7 13. Ne5 Nxe5 14. Bxe5 c6 15. c4 Nd7 16. Bc3 e5 17. cxd5 cxd5 18. O-O-O e4 19. Bf1 Nb6 20. Kb1 Be6 21. h3 Rac8 22. Qd2 Rfd8 23. Bd4 Qd6 24. Be2 Nc4 25. Bxc4 dxc4 26. Qc3 Qe7 27. Bxa7 b5 28. Rxd8+ Rxd8 29. Bd4 b4 30. Qc2 Qd7 31. g4 Qb5 32. Qxe4 Bd5 33. Qe5 Qd7 34. Rc1 Re8 35. Qh2 Be4+ 36. Ka1 Qb5 37. Qc7 Qb7 38. Qxb7 Bxb7 1-0

[Event "Gibraltar Junior Intl U16 2019"]
[Site "Caleta"]
[Date "2019.08.19"]
[Round "6.23"]
[White "Popham, Sarah"]
[Black "Guerreiro, Jose Velho"]
[Result "0-1"]
[ECO "A05"]
[WhiteElo "1372"]
[BlackElo "1513"]
[Annotator "NA"]
[PlyCount "112"]
[EventDate "2019.08.16"]
[EventType "swiss"]
[EventCountry "GGB"]
[SourceTitle "playchess.com"]
[Source "ChessBase"]
[SourceQuality "1"]
[TimeControl "6600+10"]

1. Nf3 c5 2. g3 Nc6 3. Bg2 g6 4. O-O Bg7 5. c3 Nf6 6. d3 O-O 7. Bf4 d6 8. Qc1 Re8 9. Bh6 Bh8 10. Bg5 Qc7 11. Nbd2 b5 12. Re1 Bb7 13. a3 a5 14. d4 Rac8 15. Bxf6 Bxf6 16. dxc5 dxc5 17. Ne4 Ne5 18. Nxf6+ exf6 19. Nxe5 Rxe5 20. Qf4 Bxg2 21. Kxg2 Qe7 22. Qf3 Rd8 23. Rad1 Rxd1 24. Rxd1 Rxe2 25. Rd3 Kg7 26. Re3 Rxe3 27. Qxe3 Qd6 28. Qe2 Qd5+ 29. Kg1 Qb3 30. h3 a4 31. Qd2 Qa2 32. Qc1 Qd5 33. Qc2 Qe6 34. Kh2 Qe1 35. Kg2 Qe5 36. Kh2 Qd6 37. Qe2 c4 38. Qc2 Qd3 39. Qc1 Qe2 40. Kg2 h6 41. Qb1 Qd2 42. Kf1 h5 43. h4 f5 44. Kg2 f4 45. Qe4 fxg3 46. Qd4+ Qxd4 47. cxd4 gxf2 48. Kxf2 Kf6 49. Kf3 Ke6 50. Ke4 f6 51. d5+ Kd6 52. Kd4 g5 53. hxg5 fxg5 54. Ke4 h4 55. Kf3 Kxd5 56. Kg4 Kd4 0-1